 Dungeon Crawl Stone Soup version 0.23-a0-375-g66a18ee (webtiles) character file.

1274 Cryolive the Geomancer (level 8, -4/41 HPs)
             Began as a Gargoyle Earth Elementalist on Oct 26, 2018.
             Slain by an orc warrior
             ... wielding a +0 long sword
              (13 damage)
             ... on level 5 of the Dungeon.
             The game lasted 00:13:24 (4094 turns).

Cryolive the Geomancer (GrEE)                       Turns: 4094, Time: 00:13:24

Health: -4/41      AC:  7    Str: 13    XL:     8   Next: 53%
Magic:  13/16      EV: 12    Int: 17    God:
Gold:   305        SH:  0    Dex: 10    Spells: 9/18 levels left

rFire    . . .     SeeInvis .   j - +0 short sword (elec)
rCold    . . .     Gourm    .   (no shield)
rNeg     + . .     Faith    .   c - +0 robe
rPois    ∞         Spirit   .   (no helmet)
rElec    +         Reflect  .   (no cloak)
rCorr    .         Harm     .   (no gloves)
MR       .....                  (no boots)
Stlth    ++........             (no amulet)
HPRegen  0.13/turn              (no ring)
MPRegen  0.15/turn              (no ring)

@: no status effects
A: negative energy resistance 1, electricity resistance, unbreathing,
petrification resistance, rot immunity, AC +5
a: no special abilities


You were on level 5 of the Dungeon.
You were not hungry.

You visited 1 branch of the dungeon, and saw 6 of its levels.

You collected 305 gold pieces.

Inventory:

Hand Weapons
 j - a +0 short sword of electrocution (weapon)
Missiles
 b - 66 stones (quivered)
Armour
 c - a +0 robe (worn)
 r - the cursed +0 ring mail of the Wild Haggis {rPois Str-2 Dex+2, unknown}
   (You found it on level 5 of the Dungeon)

   It affects your strength (-2).
   It affects your dexterity (+2).
   It protects you from poison.
   It has a curse placed upon it.
Magical Staves
 s - an uncursed staff of power {unknown}
Jewellery
 h - an uncursed ring of resist corrosion {unknown}
 u - an uncursed ring of ice {unknown}
 v - a +3 ring of evasion {unknown}
 w - a cursed ring of attention {unknown}
 y - an uncursed ring of resist corrosion {unknown}
Scrolls
 f - 3 scrolls of identify {unknown}
 i - 4 scrolls of remove curse {unknown}
 l - a scroll of magic mapping {unknown}
 p - a scroll of immolation {unknown}
 q - 2 scrolls of teleportation {unknown}
 x - a scroll of amnesia {unknown}
Potions
 a - 2 potions of degeneration {unknown}
 e - a potion of flight {unknown}
 g - a potion of brilliance {unknown}
 k - a potion of heal wounds {unknown}
 m - 2 potions of mutation {unknown}
 n - 2 potions of might {unknown}
 o - a potion of curing {unknown}
 t - a potion of haste {unknown}
Comestibles
 d - 6 rations
 z - a chunk of flesh


   Skills:
 - Level 1.5 Dodging
 - Level 2.1 Stealth
 + Level 5.7 Spellcasting
 + Level 5.8 Conjurations
   Level 0.7 Transmutations
 + Level 8.0 Earth Magic


You had 9 spell levels left.
You knew the following spells:

 Your Spells              Type           Power        Failure   Level  Hunger
a - Sandblast             Erth           ####..       1%          1    None
b - Stone Arrow           Conj/Erth      ####..       2%          3    ##.....
c - Lee's Rapid Deconstr  Erth           ####......   14%         5    ######.

Your spell library contained the following spells:

 Spells                   Type           Power        Failure   Level  Hunger
 Passwall                 Tmut/Erth      ###.....     3%          2    #......
 Beastly Appendage        Tmut           #.....       10%         1    None
 Sticks to Snakes         Tmut           #.......     14%         2    #......
 Petrify                  Tmut/Erth      ###.....     22%         4    ####...
 Spider Form              Tmut/Pois      #.........   34%         3    ##.....
 Ice Form                 Ice/Tmut       #.......     75%         4    ####...
 Blade Hands              Tmut           #.........   95%         5    ######.


Dungeon Overview and Level Annotations

Branches:
Dungeon (6/15)
 Temple: D:4-7

Altars:
Dithmenos
Fedhas
Gozag
Nemelex Xobeh
Okawaru
Wu Jian
Beogh

Shops:
D:5 !

Annotations:
D:6 Duvessa


Innate Abilities, Weirdness & Mutations

You are resistant to torment.
Your stone body is resilient. (AC +5)
You are immune to poison.
You resist negative energy. (rN+)
You are resistant to electric shocks. (rElec)
You can survive without breathing.
You are immune to petrification.
You are immune to rotting.


Message History

There is a stone staircase leading down here.
Casting: Sandblast (safe; 1% risk of failure)
Confirm with . or Enter, or press ? or * to list all spells.
Aiming: Sandblast (safe; 1% risk of failure)
Press: ? - help, Shift-Dir - straight line, f - orc warrior
Aim: an orc warrior, wielding a +0 long sword and wearing a +0 plate armour The blast of sand hits the orc warrior.
The orc warrior is heavily wounded.
b - 67 stones The orc warrior hits you but does no damage.
Casting: Sandblast (safe; 1% risk of failure)
Confirm with . or Enter, or press ? or * to list all spells.
Aiming: Sandblast (safe; 1% risk of failure)
Press: ? - help, Shift-Dir - straight line, f/p - orc warrior
Aim: an orc warrior, wielding a +0 long sword and wearing a +0 plate armour The blast of sand hits the orc warrior.
The orc warrior is heavily wounded.
b - 66 stones The orc warrior hits you with a +0 long sword!
You die...

..........#########..#.#.......##
########......# #.##...........
#........##.# #.####.......##
###+#......##.# #............'.
...........##.# #....#.......##
...........##.#####....##########
........#####..........# #####...
........# ##.........# #...#...
...<....# #..@......###...#...
........# #..o......+.#..[#...
........# #.........#.#.......
.######.# #.........#.#...##..
.#..#.#.# #.........#.......#+
......#.# #####.........###.#.
....#.#.# #.#####.#.# #.#.
......#.# #.# #.#.# #.#.
..#####.# #.# #.#####.#.


You could see an orc warrior.

Vanquished Creatures
  Grinder (D:3)
  Sigmund (D:3)
  An ogre (D:4)
  A crocodile (D:5)
  A scorpion (D:5)
  A water moccasin skeleton (D:4)
  2 crimson imps
  2 bullfrog zombies (D:5)
  3 orc priests
  3 orc wizards
  3 worker ants (D:4)
  2 hound zombies
  2 worker ant zombies (D:5)
  10 adders
  An ooze (D:2)
  An adder zombie (D:5)
  An adder skeleton (D:6)
  3 worms
  4 dart slugs
  6 leopard geckos
  19 orcs
  2 ball pythons
  12 bats
  6 giant cockroaches
  10 goblins
  8 hobgoblins
  4 jackals (D:2)
  5 kobolds
  3 quokkas
  8 frilled lizards
  A quokka skeleton (D:5)
  7 rats
134 creatures vanquished.

Notes
Turn   | Place    | Note
-------+----------+-------------------------------------------
     0 | D:1      | Cryolive the Gargoyle Earth Elementalist began the quest
                  | for the Orb.
     0 | D:1      | Reached XP level 1. HP: 10/10 MP: 3/3
   126 | D:1      | Reached XP level 2. HP: 15/15 MP: 1/5
   151 | D:1      | Reached skill level 4 in Earth Magic
   154 | D:1      | Found a sparkling altar of Nemelex Xobeh.
   506 | D:1      | Reached XP level 3. HP: 10/19 MP: 3/6
   807 | D:1      | Learned a level 3 spell: Stone Arrow
   959 | D:2      | Reached XP level 4. HP: 7/24 MP: 4/8
  1087 | D:2      | Reached skill level 1 in Conjurations
  1166 | D:2      | Reached skill level 5 in Earth Magic
  1294 | D:2      | Reached XP level 5. HP: 21/28 MP: 9/9
  1302 | D:2      | Learned a level 5 spell: Lee's Rapid Deconstruction
  1708 | D:3      | Found a shadowy altar of Dithmenos.
  1824 | D:3      | Noticed Sigmund
  1828 | D:3      | Killed Sigmund
  1828 | D:3      | Reached XP level 6. HP: 31/32 MP: 6/12
  2004 | D:3      | Noticed Grinder
  2015 | D:3      | Killed Grinder
  2015 | D:3      | Reached skill level 6 in Earth Magic
  2015 | D:3      | Reached XP level 7. HP: 23/36 MP: 7/13
  2753 | D:4      | Found a roughly hewn altar of Beogh.
  2762 | D:4      | Reached skill level 7 in Earth Magic
  2765 | D:4      | Reached skill level 5 in Spellcasting
  2911 | D:4      | Found an ornate altar of the Wu Jian Council.
  2927 | D:4      | Reached XP level 8. HP: 31/41 MP: 15/15
  3143 | D:5      | Entered Level 5 of the Dungeon
  3209 | D:5      | Reached skill level 5 in Conjurations
  3337 | D:5      | Found Zumm's Distillery.
  3416 | D:5      | Found an opulent altar of Gozag.
  3482 | D:5      | Found an iron altar of Okawaru.
  3744 | D:5      | Got a transparent ring mail
  3815 | D:5      | Found a blossoming altar of Fedhas.
  4081 | D:6      | Reached skill level 8 in Earth Magic
  4084 | D:6      | Noticed Duvessa
  4094 | D:5      | Slain by an orc warrior

Vault maps used:
D:1:      scummos_arrival_hexagon, nemelex_xobeh_ov_fountains_minmay
D:2:      first_ration, corexii_hall_statues_deadend
D:3:      chequers_serial_rivers_room_b, grunt_dithmenos_smoke_and_mirrors,
          uniq_grinder, uniq_sigmund
D:4:      kennysheep_little_box, kennysheep_orc_chapel
D:5:      marbit_many_paths, lemuel_round_altar, okawaru_metal_pillars_3,
          serial_shops, nicolae_shop_window_shopping
D:6:      ebering_ghost_sewer_d, cheibrodos_sewer_entry_drain, tso_altar,
          uniq_duvessa

Skill      XL: |  1  2  3  4  5  6  7  8 |
---------------+-------------------------+-----
Earth Magic    | 4 5 6 7 8 |  8.0
Spellcasting   | 3 4 5 |  5.7
Conjurations   | 1 3 4 5 |  5.8
Dodging        | |  1.5
Stealth        | |  2.1
Transmutations | |  0.7

Action                   |  1- 3 |  4- 6 |  7- 9 || total
-------------------------+-------+-------+-------++-------
Melee: Unarmed           |    24 |       |       ||    24
       Whip              |    16 |       |       ||    16
       Short sword       |    49 |   142 |   190 ||   381
 Cast: Sandblast         |    20 |    19 |    23 ||    62
       Lee's Rapid Decon |       |       |     2 ||     2
 Stab: Sleeping          |     1 |     4 |     2 ||     7
  Eat: Chunk             |       |     4 |     4 ||     8
       Ration            |       |       |     1 ||     1
Armor: Robe              |    31 |    52 |    77 ||   160
Dodge: Dodged            |    79 |    95 |    93 ||   267

Table legend:
 A = Non-vault XP
 B = Vault XP
 C = Vault XP percentage of total XP
 D = Non-vault monster count
 E = Vault monster count
 F = Vault count percentage of total count
                 A         B        C        D         E       F
            +---------+---------+-------+---------+---------+-------
      Total |    1153 |     668 |  36.7 |     127 |       7 |   5.2
            +---------+---------+-------+---------+---------+-------
        D:1 |      57 |       0 |   0.0 |      28 |       0 |   0.0
        D:2 |     145 |       0 |   0.0 |      34 |       0 |   0.0
        D:3 |      50 |     491 |  90.8 |      19 |       2 |   9.5
        D:4 |     333 |     127 |  27.6 |      16 |       4 |  20.0
        D:5 |     464 |      50 |   9.7 |      24 |       1 |   4.0
        D:6 |     104 |       0 |   0.0 |       6 |       0 |   0.0
            +---------+---------+-------+---------+---------+-------
